 Dungeon Sprint DCSS version 0.22-a0-874-g9cf2c4c (webtiles) character file.

15245 Brynnhild the Draconian Aeon (level 11, -9/110 HPs)
             Began as a Black Draconian Monk on July 28, 2018.
             Was the Champion of Cheibriados.
             Mangled by a stone giant (28 damage)
             ... while paralysed by a vampire knight
             ... in the Dungeon (Sprint IX: "|||||||||||||||||||||||||||||").
             The game lasted 00:05:03 (3281 turns).

Brynnhild the Draconian Aeon (Black Draconian Monk) Turns: 3281, Time: 00:05:03

Health: -9/110     AC:  9    Str: 28    XL:     11   Next: 99%
Magic:  16/23      EV:  2    Int: 32    God:    Cheibriados [******]
Gold:   1769       SH:  0    Dex: 31    Spells: 10/10 levels left

rFire    + . .     SeeInvis .   C - +1 double sword
rCold    . . .     Gourm    +   (no shield)
rNeg     . . .     Faith    .   (armour unavailable)
rPois    +         Spirit   .   (helmet restricted)
rElec    +         Reflect  .   D - +0 cloak "Vienn" {Int+5} (curse)
rCorr    .         Harm     .   (no gloves)
MR       .....     NoTele   +   v - +0 pair of boots
Stlth    +++.......             y - amulet of the gourmand
HPRegen  0.28/turn              A - ring of poison resistance
MPRegen  0.18/turn              w - ring of protection from fire

@: paralysed, very slow
A: breathe lightning, unfitting armour, electricity resistance, cold-blooded, AC
+7
a: Breathe Lightning, Bend Time, Temporal Distortion, Slouch, Step From Time,
Renounce Religion


You were in the Dungeon.
You worshipped Cheibriados.
Cheibriados was exalted by your worship.
You were not hungry.

You visited 1 branch You collected 1916 gold pieces.
You spent 147 gold pieces at shops.

Inventory:

Hand Weapons
 a - a +0 falchion
 m - a +2 scimitar of holy wrath
 C - a +1 double sword (weapon)
Armour
 l - a +0 helmet
 v - a +0 pair of boots (worn)
 D - the cursed +0 cloak "Vienn" (worn) {Int+5}
   (You found it in the Dungeon)

   It affects your intelligence (+5).
   It has a curse placed upon it.
Jewellery
 n - a +3 ring of intelligence
 o - a +2 ring of evasion
 w - a ring of protection from fire (right hand)
 y - an amulet of the gourmand (around neck)
 A - a ring of poison resistance (left hand)
 B - an uncursed ring of fire
Wands
 k - a wand of iceblast (10)
Scrolls
 h - 3 scrolls of blinking
 i - 7 scrolls of remove curse
 j - 2 scrolls of amnesia
 q - 2 scrolls of identify
 r - a scroll of fear
 s - 2 scrolls of enchant armour
 t - 2 scrolls of fog
 x - a scroll of magic mapping {unknown}
 z - a scroll of immolation {unknown}
Potions
 c - 8 potions of curing
 d - 5 potions of heal wounds
 e - a potion of haste
 f - 4 potions of magic
 g - 3 potions of mutation
 p - 2 potions of agility
 u - 3 potions of might
Comestibles
 b - 11 rations


   Skills:
 + Level 14.1 Fighting
 + Level 17.4 Long Blades
 + Level 11.8 Dodging
 - Level 1.7 Stealth
 * Level 17.8 Invocations


You had 10 spell levels left.
You didn't know any spells.
Your spell library was empty.

Dungeon Overview and Level Annotations

Branches:
Dungeon (1/1)

Altars:
Cheibriados
Dithmenos
Elyvilon
Fedhas
Gozag
Hepliaklqana
Kikubaaqudgha
Makhleb
Nemelex Xobeh
Okawaru
Qazlal
Ru
Sif Muna
Trog
Uskayaw
Vehumet
Wu Jian
Xom
Yredelemnul
Zin
The Shining One
Beogh
Jiyva
Lugonu

Shops:
D ?**(


Innate Abilities, Weirdness & Mutations

You can breathe wild blasts of lightning.
Your glossy black scales are hard. (AC +7)
You cannot fit into any form of body armour.
You are resistant to electric shocks. (rElec)
You are cold-blooded and may be slowed by cold attacks.


Message History

You hear a shout!
Unknown command.
You slash something! You tail-slap something. Something barely misses you.
Something bites you but does no damage.
The stone giant throws a large rock.
The large rock closely misses you.
You hit something.
Your tail-slap misses something.
You hear some strange, mumbled words.
You suddenly lose the ability to move!
The stone giant throws a large rock.
Unholy energy fills the air.
* * * LOW HITPOINT WARNING * * *
The stone giant throws a large rock.
Reactivating autopickup.
You feel a bit more experienced.
The stone giant throws a large rock.
The large rock hits you.
* * * LOW HITPOINT WARNING * * *
An ogre mage comes into view. It is wielding a spear.
The ogre mage casts a spell.
The ogre mage seems to speed up.
The stone giant hits you!!
You die...

▓.▓.▓.▓.▓.▓.▓_▓
▓.▓)▓'▓.▓.▓.▓_▓
▓(▓.▓)▓.▓'▓.▓'▓
▓'▓.▓)▓.▓.▓.▓.▓
▓(▓.▓)▓.▓.▓.▓.▓
▓(▓.▓)▓.▓.▓.▓|▓
▓)▓.▓)▓.▓.▓.▓)▓
▓.▓.▓∩▓.▓.▓.▓.▓
▓@▓.▓)▓.▓.▓.▓(▓
▓C▓.▓∩▓.▓.▓.▓[▓
▓c▓.▓)▓.▓.▓.▓.▓
▓.▓.▓∩▓.▓.▓.▓.▓
▓C▓.▓.▓.▓.▓.▓'▓
▓u▓.▓∩▓.▓(▓.▓(▓
▓.▓.▓.▓.▓.▓.▓)▓
▓O▓.▓.▓.▓'▓.▓.▓
▓.▓.▓.▓.▓.▓.▓


You could see a stone giant, a red ugly thing, an ettin, a centaur warrior and
an ogre mage.

Vanquished Creatures
  Josephine (D)
  A centaur warrior (D)
  4 orc high priests (D)
  An unseen horror (D)
  An unseen horror (shapeshifter) (D)
  2 orc knights (D)
  2 cyclopes (D)
  8 elephants (D)
  A spiny frog (D)
  A kobold demonologist (D)
  A rime drake (D)
  2 hippogriffs (D)
  2 basilisks (D)
  A yak (D)
  A wyvern (D)
  4 wraiths (D)
  Grum (D)
  A hungry ghost (D)
  2 water moccasins (D)
  4 porcupines (D)
  8 orc warriors (D)
  2 ice beasts (D)
  2 sky beasts (D)
  5 wolves (D)
  A centaur (D)
  2 crocodiles (D)
  A big kobold (D)
  A bullfrog (D)
  A killer bee (D)
  A wight (D)
  15 orc priests (D)
  An iguana (D)
  An orc wizard (D)
  3 worker ants (D)
  An adder (D)
  3 adder zombies (D)
  A leopard gecko (D)
  8 orcs (D)
  A goblin (D)
  A kobold (D)
  A bat (D)
  A leopard gecko zombie (D)
  A rat (D)
103 creatures vanquished.

Vanquished Creatures (others)
  A vampire knight (D)
  A scorpion (D)
2 creatures vanquished.

Grand Total: 105 creatures vanquished

Notes
Turn   | Place    | Note
-------+----------+-------------------------------------------
     0 | D        | Brynnhild the Draconian Monk began the quest for the Orb.
     0 | D        | Reached XP level 1. HP: 19/19 MP: 1/1
   119 | D        | Noticed an iguana
   119 | D        | Noticed a worker ant
   119 | D        | Noticed a worker ant
   123 | D        | Killed an iguana
   123 | D        | Reached XP level 2. HP: 26/26 MP: 2/2
   123 | D        | Reached XP level 3. HP: 31/31 MP: 3/3
   133 | D        | Reached XP level 4. HP: 20/38 MP: 4/4
   357 | D        | Found a roughly hewn altar of Beogh.
   357 | D        | Found a snail-covered altar of Cheibriados.
   357 | D        | Found a shadowy altar of Dithmenos.
   357 | D        | Found a white marble altar of Elyvilon.
   357 | D        | Found a blossoming altar of Fedhas.
   357 | D        | Found an opulent altar of Gozag.
   358 | D        | Found a hazy altar of Hepliaklqana.
   359 | D        | Found a viscous altar of Jiyva.
   360 | D        | Found an ancient bone altar of Kikubaaqudgha.
   361 | D        | Became a worshipper of Cheibriados the Contemplative
   361 | D        | Reached * piety under Cheibriados
   361 | D        | Reached ** piety under Cheibriados
   362 | D        | Found a corrupted altar of Lugonu.
   363 | D        | Found a burning altar of Makhleb.
   364 | D        | Found a sparkling altar of Nemelex Xobeh.
   365 | D        | Found an iron altar of Okawaru.
   366 | D        | Found a stormy altar of Qazlal.
   367 | D        | Found a sacrificial altar of Ru.
   368 | D        | Found a deep blue altar of Sif Muna.
   369 | D        | Found a bloodstained altar of Trog.
   370 | D        | Found a hide-covered altar of Uskayaw.
   371 | D        | Found a radiant altar of Vehumet.
   372 | D        | Found an ornate altar of the Wu Jian Council.
   373 | D        | Found a shimmering altar of Xom.
   374 | D        | Found a basalt altar of Yredelemnul.
   375 | D        | Found a glowing silver altar of Zin.
   376 | D        | Found a glowing golden altar of the Shining One.
   407 | D        | Noticed a big kobold
   407 | D        | Noticed a centaur
   407 | D        | Noticed a hungry ghost
   409 | D        | Reached skill level 1 in Invocations
   415 | D        | Killed a big kobold
   415 | D        | Reached XP level 5. HP: 40/47 MP: 4/7
   420 | D        | Killed a centaur
   420 | D        | Reached *** piety under Cheibriados
   420 | D        | Reached skill level 5 in Fighting
   420 | D        | Reached skill level 10 in Long Blades
   426 | D        | Killed a hungry ghost
   426 | D        | Reached skill level 5 in Dodging
   426 | D        | Reached skill level 5 in Invocations
   426 | D        | Reached XP level 6. HP: 38/58 MP: 5/9
   521 | D        | Noticed a sky beast
   521 | D        | Noticed an ice beast
   521 | D        | Noticed a sky beast
   522 | D        | Reached **** piety under Cheibriados
   526 | D        | Killed an unseen horror
   526 | D        | Reached ***** piety under Cheibriados
   526 | D        | Your scales start taking on a glossy black colour.
   526 | D        | Reached XP level 7. HP: 59/69 MP: 9/12
   526 | D        | Gained mutation: You are resistant to electric shocks. (rElec) [Black Draconian growth]
   527 | D        | Reached XP level 8. HP: 66/77 MP: 4/13
   641 | D        | Noticed a hippogriff
   641 | D        | Noticed a spiny frog
   642 | D        | Noticed a hippogriff
   653 | D        | Killed a hippogriff
   662 | D        | Reached ****** piety under Cheibriados
   666 | D        | Killed a spiny frog
   666 | D        | Reached skill level 10 in Fighting
   666 | D        | Reached XP level 9. HP: 50/85 MP: 15/15
  1086 | D        | Noticed a rime drake
  1092 | D        | Killed a rime drake
  1092 | D        | Reached skill level 10 in Invocations
  1098 | D        | Reached skill level 15 in Long Blades
  1469 | D        | Noticed an elephant
  1469 | D        | Noticed an elephant
  1469 | D        | Noticed an elephant
  1469 | D        | Noticed an elephant
  1469 | D        | Noticed an elephant
  1469 | D        | Noticed an elephant
  1475 | D        | Killed an elephant
  1475 | D        | Reached XP level 10. HP: 69/96 MP: 6/18
  1476 | D        | Killed an elephant
  1477 | D        | Noticed an elephant
  1479 | D        | Killed an elephant
  1480 | D        | Killed an elephant
  1483 | D        | Killed an elephant
  1483 | D        | Reached skill level 10 in Dodging
  1487 | D        | Killed an elephant
  1497 | D        | Killed an elephant
  1498 | D        | Noticed an elephant
  1506 | D        | Killed an elephant
  2004 | D        | Noticed Josephine
  2016 | D        | Killed Josephine
  2105 | D        | Reached XP level 11. HP: 44/105 MP: 21/21
  2331 | D        | Noticed an orc knight
  2336 | D        | Noticed an orc knight
  2343 | D        | Killed an orc knight
  2352 | D        | Killed an orc knight
  2896 | D        | Found Ublikirr's Magic Scroll Emporium.
  2896 | D        | Noticed an orc high priest
  2896 | D        | Noticed an orc high priest
  2904 | D        | Killed an orc high priest
  2904 | D        | Reached skill level 15 in Invocations
  2905 | D        | Killed an orc high priest
  2906 | D        | Found Imnopt's Assorted Antiques.
  2907 | D        | Noticed an orc high priest
  2908 | D        | Found Agymuko's General Store.
  2914 | D        | Noticed an orc high priest
  2917 | D        | Killed an orc high priest
  2918 | D        | Found Areseguf's Weapon Shoppe.
  2924 | D        | Killed an orc high priest
  3054 | D        | Bought a scroll labeled EDERE WEPT for 21 gold pieces
  3054 | D        | Bought a dented emerald amulet for 105 gold pieces
  3054 | D        | Bought a scroll labeled TULATW BIRUETI for 21 gold pieces
  3102 | D        | Noticed Grum
  3117 | D        | Killed Grum
  3226 | D        | Got the cursed +0 cloak "Vienn" {Int+5}
  3257 | D        | Noticed a centaur warrior
  3261 | D        | Killed an unseen horror
  3263 | D        | Noticed a vampire knight
  3268 | D        | Killed a centaur warrior
  3270 | D        | Noticed a centaur warrior
  3271 | D        | Noticed a stone giant
  3271 | D        | Noticed an ettin
  3273 | D        | Noticed a red ugly thing
  3276 | D        | Paralysed by something for 5 turns
  3277 | D        | Killed a vampire knight
  3279 | D        | Noticed an ogre mage
  3281 | D        | Mangled by a stone giant

Vault maps used:
D:        linesprint

Skill      XL: |  1  2  3  4  5  6  7  8  9 10 11 |
---------------+----------------------------------+-----
Long Blades    | 6 8 9 11 12 14 15 16 17 | 17.4
Dodging        | 3 5 6 7 8 9 10 11 | 11.8
Invocations    | 3 5 7 9 10 13 17 | 17.8
Fighting       | 4 6 8 10 11 12 14 | 14.1
Stealth        | |  1.7

Action                   |  1- 3 |  4- 6 |  7- 9 | 10-12 || total
-------------------------+-------+-------+-------+-------++-------
Melee: Falchion          |    23 |     6 |       |       ||    29
       Tailslap          |     4 |    10 |    17 |    49 ||    80
       Scimitar          |       |    18 |    61 |   127 ||   206
       Double sword      |       |       |       |    11 ||    11
Invok: Slouch            |       |       |     4 |    12 ||    16
 Abil: Breathe Lightning |       |       |     3 |     4 ||     7
  Use: Potion            |     1 |     1 |       |       ||     2
 Stab: Invisible         |       |     5 |       |       ||     5
       Sleeping          |       |     1 |       |       ||     1
  Eat: Chunk             |       |       |     2 |    11 ||    13
Armor: Skin              |     3 |     5 |     9 |    12 ||    29
Dodge: Dodged            |    15 |    22 |    51 |   114 ||   202
       Rpst.: Falchion   |     8 |       |       |       ||     8
       Scimitar          |       |     6 |    12 |    27 ||    45
       Double sword      |       |       |       |     1 ||     1

Table legend:
 A = Spawn XP
 B = Non-spawn XP
 C = Spawn XP percentage of total XP
 D = Spawn monster count
 E = Non-spawn monster count
 F = Spawn count percentage of total count
 G = Total turns spent on level
                    A         B        C        D         E        F      G
               +---------+---------+-------+---------+---------+-------+---------
         Total |       0 |   21779 |   0.0 |       0 |     104 |   0.0 |  3281
               +---------+---------+-------+---------+---------+-------+---------
             D |       0 |   21779 |   0.0 |       0 |     104 |   0.0 |  3281
               +---------+---------+-------+---------+---------+-------+---------
